 Dungeon Crawl Stone Soup version 0.30-b1-2-g02819fbbbe (webtiles) character file.

Game seed: 6756341729695459669

65 funkygono the Trooper (level 3, -1/34 HPs)
             Began as a Minotaur Fighter on June 16, 2023.
             Slain by Grinder (6 damage)
             ... on level 3 of the Dungeon.
             The game lasted 00:03:11 (1563 turns).

funkygono the Trooper (Minotaur Fighter)            Turns: 1563, Time: 00:03:11

Health: -1/34      AC:  8    Str: 22    XL:     3   Next: 94%
Magic:  2/2        EV:  9    Int:  5    God:
Gold:   155        SH:  4    Dex:  9    Spells: 2/2 levels left

rFire   . . .        a - +0 war axe
rCold   . . .        c - +0 buckler
rNeg    . . .        b - +0 scale mail
rPois   .            (helmet restricted)
rElec   .            (no cloak)
rCorr   .            g - +0 pair of gloves
SInv    .            (no boots)
Will    .....        (no amulet) Stlth
                     (no ring)
HPRegen 0.25/turn    (no ring)
MPRegen 0.08/turn

%: no passive effects
@: no status effects
A: horns 2, retaliatory headbutt
a: no special abilities


You were on level 3 of the Dungeon.
You visited 1 branch of the dungeon, and saw 3 of its levels.

You collected 155 gold pieces.

Inventory:

Hand Weapons
 a - a +0 war axe (weapon)
Missiles
 j - 4 stones (quivered)
Armour
 b - a +0 scale mail (worn)
 c - a +0 buckler (worn)
 g - a +0 pair of gloves (worn)
Scrolls
 f - a scroll of enchant armour {unknown}
 i - a scroll of amnesia {unknown}
 m - a scroll of teleportation
Potions
 d - a potion of might
 e - a potion of curing {unknown}
 h - a potion of attraction
 k - 2 potions of lignification
 l - a potion of flight {unknown}


   Skills:
 + Level 4.4 Fighting
 + Level 3.3 Axes
 + Level 0.2 Throwing
 + Level 4.0 Armour
 + Level 0.5 Dodging
 + Level 0.1 Stealth
 + Level 4.2 Shields


You had 2 spell levels left.
You didn't know any spells.
Your spell library was empty.

Dungeon Overview and Level Annotations

Branches:
Dungeon (3/15)

Altars:
Dithmenos

Annotations:
D:3 Grinder


Innate Abilities, Weirdness & Mutations

You have a pair of horns on your head.
You reflexively headbutt those who attack you in melee.


Message History

You see here an adder corpse.
You see here a +0 spear of venom.
Found a dagger.
There is a shadowy altar of Dithmenos here.
i - a scroll labelled NINIDGHATHRU Grinder comes into view.
She is carrying a wand of flame (23).
Grinder shouts!
Grinder gestures at you. You resist with significant effort.
Throw: 5 stones
Press: ? - help, Q - select action Shift-Dir - straight line, f - Grinder
Aim: Grinder, carrying a wand of flame (23) (52% to hit)
You throw a stone. The stone closely misses Grinder.
Unknown command.
You barely miss Grinder. Grinder hits you.
You writhe in agony.
You slash Grinder! Your headbutt misses Grinder.
Grinder is moderately wounded.
Grinder zaps a wand.
The puff of flame hits you. Grinder gestures at you.
You resist with significant effort.
You barely miss Grinder.
Grinder is moderately wounded.
Grinder hits you.
You writhe in agony.
You barely miss Grinder.
Grinder is moderately wounded.
Grinder hits you.
You writhe in agony.
* * * LOW HITPOINT WARNING * * *
Grinder hits you.
* * * LOW HITPOINT WARNING * * *
You slash Grinder!
Grinder is severely wounded.
Grinder zaps a wand.
The puff of flame hits you.
* * * LOW HITPOINT WARNING * * *
You barely miss Grinder.
Grinder is severely wounded.
Grinder barely misses you.
You barely miss Grinder. You headbutt Grinder.
Grinder is severely wounded.
Grinder hits you.
You die...

## .##### .....#
.###.# .# #.# .###.#
##### ...#.# #@5.#
##.#.###########.#.#
#.#.............#.#
#.###############.###
#.#..................
#......#
##.#................
#......#
...#)....#######...
#......# .
...#.##.†........#
###......##.
...#.##..........#
...#.........


You could see Grinder.

Vanquished Creatures
  2 adders (D:3)
  A worm (D:2)
  5 bats
  2 endoplasms (D:2)
  2 giant cockroaches
  2 hobgoblins
  4 quokkas
  4 ball pythons
  5 frilled lizards
  3 goblins
  9 kobolds
  7 rats
46 creatures vanquished.

Notes
Turn   | Place    | Note
-------+----------+-------------------------------------------
     0 | D:1      | funkygono the Minotaur Fighter began the quest for the Orb.
     0 | D:1      | Reached XP level 1. HP: 19/19 MP: 0/0
   336 | D:1      | Reached XP level 2. HP: 27/27 MP: 1/1
   914 | D:2      | Reached XP level 3. HP: 34/34 MP: 2/2
  1083 | D:2      | Found a faded altar of an unknown god.
  1474 | D:3      | Found a shadowy altar of Dithmenos.
  1555 | D:3      | Noticed Grinder
  1563 | D:3      | Slain by Grinder

Illustrated notes

Levels and vault maps discovered:
D:1:      minmay_arrival_four_loops, layout_basic
D:2:      layout_basic, basic_ecumenical_altar
D:3:      layout_basic, grunt_dithmenos_smoke, serial_shops, shop, uniq_grinder

Skill      XL: |  1  2  3 |
---------------+----------+-----
Fighting       | 4 |  4.4
Shields        | 4 |  4.2
Axes           | 3 |  3.3
Armour         | 4 |  4.0
Throwing       | |  0.2
Dodging        | |  0.5
Stealth        | |  0.1

Action                     || total
---------------------------++-------
  Melee: War axe           ||   107
         Headbutt          ||     9
  Throw: Stone             ||    35
    Use: Scroll            ||     6
 Armour: Scale mail        ||    63
  Dodge: Dodged            ||    46
  Block: Buckler           ||    27
